Map: Acropolis LE

Players

Parkkatz

  • Race: Zerg Zerg
  • League: Platinum
  • Spawn Location: 11:00

dennissatan - Winner!

  • Race: Zerg Zerg
  • League: Diamond
  • Spawn Location: 5:00

VOD

Have the link to the VOD?

Description

Time

  • Played on: July 4, 2019, 8:27 a.m.
  • Length: 13:32
Show
View Real Time Build Order
Export as new Build Order

Parkkatz Zerg 

Build Orders: Hatch First 

Get SALT Encoding   

  12  0:01  Drone  
  13  0:18  Drone  
  13  0:19  Overlord  
  14  0:37  Drone x2  
  14  0:40  Drone  
  17  0:56  Drone  
  18  0:59  Hatchery  
  17  1:06  Drone  
  17  1:10  Extractor  
  17  1:17  Drone  
  18  1:22  Spawning Pool  
  18  1:23  Drone  
  18  1:35  Drone  
  19  1:51  Overlord  
  19  2:11  Queen x2  
  19  2:13  Zergling x6  
  26  2:22  Drone x2  
  28  2:30  Drone  
  28  2:34  Metabolic Boost  
  29  2:47  Queen  
  29  2:50  Queen  
  33  2:52  Drone x3  
  33  2:53  Overlord  
  35  3:16  Drone x3  
  35  3:17  Zergling x4  
  38  3:31  Queen  
  38  3:32  Hatchery  
  38  3:33  Drone  
  38  3:34  Drone  
  41  3:36  Drone x3  
  44  3:43  Overlord  
  44  3:56  Extractor  
  44  3:58  Drone, Extractor  
  44  3:59  Drone  
  44  4:01  Overlord  
  44  4:14  Zergling x2  
  44  4:15  Evolution Chamber, Roach Warren, Zergling x10  
  44  4:16  Drone x3  
  51  4:25  Drone x2  
  51  4:26  Drone  
  54  4:32  Zergling x4  
  56  4:44  Queen  
  57  4:46  Drone  
  57  4:47  Drone x4  
  57  4:52  Drone x2  
  64  4:55  Overlord  
  64  4:56  Overlord  
  64  5:08  Drone  
  65  5:15  Overlord x2  
  65  5:16  Overlord  
  64  5:26  Drone x4  
  68  5:42  Zerg Missile Weapons Level 1  
  68  5:43  Lair  
  68  5:46  Drone  
  68  5:47  Drone x5  
  74  5:56  Roach  
  88  5:57  Roach x9  
  94  6:08  Overlord  
  94  6:09  Overlord x2  
  94  6:26  Drone x4, Extractor  
  94  6:27  Extractor  
  94  6:28  Drone x3  
  94  6:29  Drone x2  
  94  6:48  Roach x8  
  94  6:49  Roach x5  
  119  6:55  Glial Reconstitution  
  119  7:00  Ravager  
  119  7:01  Ravager x6  
  125  7:03  Roach x2  
  125  7:05  Overlord x2  
  128  7:32  Zergling x2  
  128  7:33  Zergling x22  
  128  7:36  Queen  
  114  8:18  Roach  
  114  8:19  Roach x16  
  116  8:33  Roach  
  116  8:34  Roach x3  
  115  8:38  Zerg Missile Weapons Level 2  
  115  8:44  Ravager x5  
  115  8:45  Zergling x2  
  115  8:46  Zergling x18  
  130  8:48  Hatchery  
  129  8:58  Overlord x4  
  128  9:19  Drone  
  128  9:20  Drone x7  
  128  9:21  Drone  
  132  9:30  Infestation Pit  
  131  9:33  Extractor  
  130  9:39  Zergling x16  
  136  9:56  Roach x4  
  106  10:07  Roach x6  
  106  10:13  Hive  
  109  10:14  Roach  
  109  10:15  Roach x3  
  115  10:22  Roach  
  115  10:23  Roach x3  
  123  10:29  Evolution Chamber  
  113  10:36  Roach  
  113  10:37  Roach x5  
  113  10:42  Roach x2  
  114  10:45  Roach x4  
  114  10:46  Roach  
  108  10:51  Roach  
  108  10:52  Roach x5  
  108  10:56  Roach  
  110  10:57  Roach  
  110  11:00  Zerg Ground Armor Level 1  
  110  11:02  Roach  
  110  11:03  Roach x4  
  108  11:11  Roach x2  
  108  11:12  Roach x5  
  110  11:19  Roach x3  
  110  11:24  Adrenal Glands  
  108  11:29  Roach x6  
  108  11:30  Roach  
  108  11:41  Roach x4  
  108  11:42  Roach  
  118  11:55  Hydralisk Den  
  118  11:58  Baneling Nest  
  118  12:00  Overlord x2  
  116  12:04  Hatchery  
  105  12:11  Infestor x2  
  95  12:20  Roach  
  95  12:21  Roach x6  
  109  12:24  Zergling x12  
  115  12:30  Drone  
  116  12:38  Hydralisk x4  
  116  12:40  Hydralisk  
  106  13:09  Roach  
  106  13:10  Roach x13  
  114  13:13  Roach  
Show
View Real Time Build Order
Export as new Build Order

dennissatan Zerg - Winner!

Build Orders: Hatch First 

Get SALT Encoding   

  12  0:01  Drone  
  13  0:12  Overlord  
  13  0:17  Drone  
  14  0:37  Drone x3  
  17  0:55  Hatchery, Drone  
  17  1:11  Spawning Pool  
  16  1:12  Drone  
  16  1:16  Drone  
  18  1:20  Drone  
  19  1:31  Drone  
  20  1:35  Extractor  
  19  1:58  Drone, Overlord, Queen  
  22  2:07  Queen  
  24  2:08  Drone  
  24  2:10  Drone  
  24  2:15  Drone  
  27  2:24  Drone  
  27  2:25  Drone  
  27  2:28  Drone  
  30  2:39  Overlord  
  30  2:41  Drone  
  30  2:42  Queen  
  33  2:48  Zergling x2  
  33  2:50  Spine Crawler  
  33  2:52  Spine Crawler  
  33  2:54  Zergling x2  
  33  3:09  Zergling x8  
  36  3:26  Drone x6, Overlord  
  44  3:29  Extractor  
  44  3:31  Extractor  
  42  3:35  Roach Warren  
  42  3:37  Evolution Chamber  
  40  3:48  Drone x2  
  42  3:50  Drone x2  
  42  3:51  Evolution Chamber  
  43  4:05  Zerg Missile Weapons Level 1  
  43  4:11  Drone x6  
  43  4:14  Lair  
  49  4:20  Drone x2  
  51  4:24  Drone  
  51  4:26  Overlord x3  
  51  4:41  Hatchery  
  51  4:42  Overlord  
  46  4:46  Roach  
  46  4:47  Roach  
  46  4:50  Roach  
  52  4:58  Roach  
  52  4:59  Roach  
  56  5:02  Roach  
  56  5:03  Roach x2  
  56  5:07  Roach x2  
  64  5:12  Roach x2  
  70  5:15  Glial Reconstitution  
  70  5:24  Roach x3  
  76  5:37  Overlord  
  76  5:39  Hatchery, Drone  
  76  5:47  Overlord  
  76  5:48  Roach x2  
  80  6:01  Roach  
  80  6:02  Roach x4  
  80  6:03  Overlord  
  90  6:11  Hydralisk Den  
  89  6:20  Overseer  
  89  6:23  Drone x6  
  95  6:31  Drone x3  
  96  6:44  Roach x3  
  102  6:48  Drone x3  
  105  6:54  Drone x2  
  105  6:56  Grooved Spines  
  105  6:57  Zerg Missile Weapons Level 2  
  105  6:58  Zerg Ground Armor Level 1  
  106  7:04  Drone  
  106  7:05  Drone x4, Extractor x2  
  109  7:09  Overlord  
  109  7:14  Queen  
  107  7:31  Roach x7  
  107  7:36  Overlord x4  
  119  7:59  Pneumatized Carapace  
  119  8:04  Roach  
  119  8:05  Roach x5  
  121  8:09  Roach x9  
  127  8:18  Roach  
  127  8:19  Roach  
  111  8:24  Drone x2  
  111  8:25  Drone x2  
  103  8:32  Drone x5  
  103  8:33  Queen  
  108  8:40  Drone x2  
  110  8:46  Hydralisk x2  
  110  8:48  Drone  
  111  9:04  Hydralisk x4  
  111  9:09  Zerg Ground Armor Level 2  
  119  9:15  Hydralisk x4  
  129  9:17  Roach x2  
  127  9:28  Roach x2  
  127  9:29  Drone, Roach x2  
  136  9:40  Overlord x3  
  136  9:46  Drone x2  
  136  9:47  Drone x3  
  136  9:58  Drone  
  136  9:59  Drone x2, Roach x3  
  133  10:05  Drone x2  
  133  10:06  Drone x6  
  126  10:14  Drone x3  
  129  10:34  Roach x6  
  129  10:35  Roach x3  
  125  10:48  Drone x4  
  113  10:57  Roach x3  
  113  11:02  Muscular Augments  
  113  11:03  Extractor  
  118  11:04  Queen  
  114  11:18  Roach x6  
  114  11:21  Hatchery  
  111  11:33  Roach x7  
  115  11:40  Hydralisk x5  
  123  11:53  Hydralisk  
  123  11:54  Infestation Pit, Hydralisk x2  
  123  12:00  Roach  
  128  12:09  Hydralisk x3  
  130  12:20  Drone x7  
  137  12:27  Roach  
  137  12:38  Hydralisk  
  137  12:39  Hydralisk x6  
  151  12:45  Extractor  
  151  12:46  Extractor  
  149  12:56  Hydralisk x3  
  149  12:57  Hydralisk x4  
  153  13:18  Drone x2  
Tags
 
Add a new tag
Caveats
  • Supply blocks, unpowered buildings, or Contaminate may cause inaccurate times.
  • Supply counts are checked every 10 seconds.